[Event "15th Lazio Festival 2022"]
[Site "Rome"]
[Date "2022.01.06"]
[Round "7.3"]
[White "Brozzi, Danilo"]
[Black "Aghayev, Miragha"]
[Result "0-1"]
[ECO "D87"]
[WhiteElo "1728"]
[BlackElo "2393"]
[Annotator "ChessBase"]
[PlyCount "124"]
[EventDate "2022.01.02"]
[EventType "swiss"]
[EventCountry "ITA"]
[SourceTitle "playchess.com"]
[Source "ChessBase"]
[SourceQuality "1"]
[TimeControl "5400+30"]

1. d4 Nf6 2. c4 g6 3. Nc3 d5 4. cxd5 Nxd5 5. e4 Nxc3 6. bxc3 Bg7 7. Bc4 O-O 8. Ne2 c5 9. Be3 Nc6 10. O-O Na5 11. Bd3 b6 12. f3 Qc7 13. Rc1 e5 14. Qe1 Qd6 15. d5 c4 16. Bb1 f5 17. g3 Nb7 18. Kg2 Nc5 19. Qd2 Bd7 20. Bc2 Rf7 21. Rb1 fxe4 22. fxe4 Raf8 23. Ng1 b5 24. Rxf7 Rxf7 25. Rf1 Rxf1 26. Kxf1 a5 27. Qf2 Nb7 28. Bd2 Bf8 29. Nf3 h6 30. Bc1 Bh3+ 31. Ke1 Nc5 32. Be3 Nb7 33. Qd2 Qf6 34. Qf2 Bd7 35. Nd2 Qe7 36. Nb1 b4 37. Qd2 Kh7 38. Qe2 Bb5 39. Qf2 Kg8 40. Qd2 Qf7 41. Qf2 Qe7 42. Qd2 g5 43. Qf2 Kg7 44. h4 gxh4 45. gxh4 Qf6 46. Qxf6+ Kxf6 47. Kf2 Bc5 48. Bd1 Ke7 49. Kf3 Bxe3 50. Kxe3 Kd6 51. Be2 Kc5 52. Bd1 Nd6 53. Bc2 Be8 54. Kd2 Bh5 55. Ke3 Nc8 56. Kf2 Ne7 57. Ke3 Ng6 58. Nd2 Nxh4 59. d6 Be8 60. Bd1 Ng2+ 61. Kf2 Nf4 62. Ke3 Bb5 0-1

[Event "15th Lazio Festival 2022"]
[Site "Rome"]
[Date "2022.01.06"]
[Round "7.4"]
[White "Spada, Dario"]
[Black "De Blasio, Alessandro"]
[Result "0-1"]
[ECO "D00"]
[WhiteElo "1749"]
[BlackElo "1934"]
[Annotator "NA"]
[PlyCount "54"]
[EventDate "2022.01.02"]
[EventType "swiss"]
[EventCountry "ITA"]
[SourceTitle "playchess.com"]
[Source "ChessBase"]
[SourceQuality "1"]
[TimeControl "5400+30"]

1. d4 d5 2. Nc3 c6 3. e3 Nf6 4. Bd3 Nbd7 5. f4 e6 6. a3 c5 7. Nf3 b6 8. Ne5 Be7 9. O-O Bb7 10. Qf3 g6 11. Bd2 Qc8 (11... O-O $15) 12. g4 $11 (12. Be1 {is more appropriate.}) 12... c4 13. Be2 Ne4 14. Nxe4 dxe4 15. Qf2 Bd5 16. g5 h5 17. c3 b5 18. b3 Nb6 19. a4 bxa4 20. bxc4 Nxc4 21. Rxa4 Nxe5 22. fxe5 O-O 23. Qh4 Qd8 24. Rf6 Kg7 25. Ra1 Rh8 26. Raf1 Bxf6 27. gxf6+ Kh7 0-1

[Event "15th Lazio Festival 2022"]
[Site "Rome"]
[Date "2022.01.06"]
[Round "7.5"]
[White "Maxion, Dirk"]
[Black "Silici, Renato"]
[Result "1-0"]
[ECO "C13"]
[WhiteElo "2089"]
[BlackElo "1727"]
[Annotator "NA"]
[PlyCount "67"]
[EventDate "2022.01.02"]
[EventType "swiss"]
[EventCountry "ITA"]
[SourceTitle "playchess.com"]
[Source "ChessBase"]
[SourceQuality "1"]
[TimeControl "5400+30"]

1. e4 e6 2. d4 d5 3. Nc3 Nf6 4. Bg5 dxe4 5. Nxe4 Be7 6. Bxf6 Bxf6 7. Nf3 Nc6 8. c3 Be7 9. Bb5 Bd7 10. Qe2 Nb8 11. Bd3 Bc6 12. Ne5 Bf6 (12... Bd5 $14) 13. Nxc6 Nxc6 14. Bb5 Qd5 15. O-O-O $14 (15. Bc4 $16 Qf5 16. d5) 15... O-O-O 16. Kb1 Ne7 17. h4 Ng6 18. g3 c6 19. Bc4 Qd7 20. Qf3 Qe7 21. h5 Nf8 22. Rhe1 Nd7 23. h6 Rhg8 24. hxg7 Bxg7 25. Qxf7 Qxf7 26. Nd6+ Kc7 27. Nxf7 Rde8 28. Ng5 Nf8 29. Bxe6 Nxe6 30. Nxe6+ Kd6 31. Nxg7 Rxe1 32. Nf5+ Ke6 33. Rxe1+ Kxf5 34. Re7 1-0

[Event "15th Lazio Festival 2022"]
[Site "Rome"]
[Date "2022.01.06"]
[Round "7.6"]
[White "Agostini, Maurizio"]
[Black "Di Maulo, Alessandra"]
[Result "1-0"]
[ECO "D37"]
[WhiteElo "1972"]
[BlackElo "1810"]
[Annotator "NA"]
[PlyCount "133"]
[EventDate "2022.01.02"]
[EventType "swiss"]
[EventCountry "ITA"]
[SourceTitle "playchess.com"]
[Source "ChessBase"]
[SourceQuality "1"]
[TimeControl "5400+30"]

1. d4 d5 2. c4 e6 3. Nc3 Be7 4. Nf3 Nf6 5. Bf4 O-O 6. e3 h6 7. h3 dxc4 8. Bxc4 a6 9. O-O b5 10. Bd3 Bb7 11. Rc1 Nbd7 12. Qe2 c5 13. Rfd1 Qb6 14. dxc5 Nxc5 $11 15. Bc2 Rfd8 16. b4 Rxd1+ 17. Qxd1 Ncd7 18. a3 Rc8 19. Bd3 Qd8 20. Ne5 Nxe5 21. Bxe5 Nd5 22. Qg4 Bf6 23. Qd4 Nxc3 24. Qxd8+ Rxd8 25. Bxf6 Rxd3 26. Bxc3 Kf8 27. Kf1 f6 28. Ke2 Rd7 29. g3 Ke7 30. Bd4 h5 31. h4 Kd8 32. f3 Ke7 33. g4 g6 34. gxh5 gxh5 35. Rc5 Rd5 36. Rc7+ Rd7 37. Bxf6+ Ke8 38. Rxd7 Kxd7 39. Kf2 Bd5 40. e4 Bc4 41. Ke3 Bf1 42. Kd4 Kc6 43. Ke5 Kd7 44. Kf4 Be2 45. Ke3 Bf1 46. Kd4 Kc6 47. f4 Bh3 48. Ke5 Bg4 49. Bg5 Kd7 50. Kf6 Bf3 51. Ke5 Bg4 52. f5 exf5 53. exf5 Ke8 54. Kf6 Kf8 55. Kg6 Bf3 56. Bh6+ Kg8 57. f6 Bd5 58. Kxh5 Bf7+ 59. Kg5 Kh7 60. Bf8 Be6 61. Kf4 Kg6 62. Ke5 Bg4 63. Bc5 Kf7 64. Bd4 Kg6 65. Kd6 Bf3 66. Ke7 Bd5 67. h5+ 1-0